 Dungeon Crawl Stone Soup version 0.20.1-1-g8b1a95d (webtiles) character file.

358 Peloso the Covered (level 6, -2/52 (53) HPs)
             Began as a Minotaur Fighter on July 29, 2017.
             Was an Initiate of Okawaru.
             Slain by an iguana (10 damage)
             ... on level 4 of the Dungeon.
             The game lasted 00:05:48 (2160 turns).

Peloso the Covered (Minotaur Fighter)               Turns: 2160, Time: 00:05:49

HP:   -2/52 (53)    AC:  8    Str: 27    XL:     6   Next: 37%
MP:   5/5           EV:  8    Int:  5    God:    Okawaru [......]
Gold: 119           SH: 10    Dex: 12    Spells: 5/5 levels left

rFire    . . .     SeeInvis .   a - +0 long sword
rCold    . . .     Gourm    .   c - +0 shield
rNeg     . . .     Faith    .   b - +0 scale mail
rPois    .         Spirit   .   (helmet restricted)
rElec    .         Reflect  .   n - +0 cloak
rCorr    .         Harm     .   (no gloves)
MR       .....                  (no boots)
Stlth    +.........             (no amulet)
Regen    0.2/turn               u - +2 ring of strength
MPRegen  0.1/turn               o - ring of stealth

@: mighty
A: retaliatory headbutt, horns 2
a: Renounce Religion


You were on level 4 of the Dungeon.
You worshipped Okawaru.
Okawaru was noncommittal.
You were very hungry.

You visited 2 branches of the dungeon, and saw 6 of its levels.

You collected 119 gold pieces.

Inventory:

Hand Weapons
 a - a +0 long sword (weapon)
Armour
 b - a +0 scale mail (worn)
 c - a +0 shield (worn)
 n - a +0 cloak (worn)
Jewellery
 g - an uncursed ring of flight
 o - a ring of stealth (right hand)
 u - a +2 ring of strength (left hand)
Scrolls
 h - 3 scrolls of identify {unknown}
 k - a scroll of teleportation {unknown}
 q - a scroll of immolation {unknown}
 r - a scroll of remove curse {unknown}
Potions
 e - a potion of lignification {unknown}
 l - 2 potions of curing {unknown}
 m - a potion of flight {unknown}
 t - 2 potions of brilliance {unknown}
Comestibles
 f - 5 bread rations
 i - 2 fruits
 j - a meat ration
 p - 3 royal jellies


   Skills:
 + Level 4.5 Fighting
 + Level 5.0 Long Blades
 + Level 5.3 Armour
 + Level 1.4 Dodging
 + Level 0.1 Stealth
 + Level 5.2 Shields


You had 5 spell levels left.
You didn't know any spells.

Dungeon Overview and Level Annotations

Branches:
Dungeon (5/15)             Temple (1/1) D:5

Altars:
Ashenzari
Cheibriados
Dithmenos
Elyvilon
Gozag
Hepliaklqana
Makhleb
Okawaru
Ru
Sif Muna
Uskayaw
Xom
Yredelemnul
Zin
The Shining One


Innate Abilities, Weirdness & Mutations

You reflexively headbutt those who attack you in melee.
You have a pair of horns on your head.


Message History

You are feeling very hungry.
You block the frilled lizard's attack. The iguana bites you.
* * * LOW HITPOINT WARNING * * *
The frilled lizard bites you but does no damage.
The frilled lizard hisses.
The iguana misses you. You block the iguana's attack.
The iguana hisses menacingly.
The iguana hisses menacingly.
There is a stone staircase leading up here.
The iguana bites you!
* * * LOW HITPOINT WARNING * * *
You climb upwards.
There is a stone staircase leading down here.
You feel very mighty all of a sudden. You block the iguana's attack.
You slash the iguana!
The iguana is almost dead.
The iguana bites you!
You die...

#.# #.# #.# #.#
#.# #######.#
.......l#######
.......@.......
...##########.#


You could see an iguana.

Vanquished Creatures
  A necrophage (D:5)
  A centaur (D:5)
  Crazy Yiuf (D:2)
  Natasha (twice) (D:3)
  Terence (D:2)
  A gnoll (D:1)
  An adder (D:3)
  An ooze (D:1)
  2 worms (D:3)
  A dart slug (D:1)
  3 orcs
  A ball python (D:2)
  8 bats
  2 giant cockroaches
  11 goblins
  4 hobgoblins
  2 jackals (D:1)
  7 kobolds
  2 quokkas
  3 frilled lizards
  8 rats
63 creatures vanquished.

Notes
Turn   | Place    | Note
-------+----------+-------------------------------------------
     0 | D:1      | Peloso the Minotaur Fighter began the quest for the Orb.
     0 | D:1      | Reached XP level 1. HP: 19/19 MP: 0/0
    78 | D:1      | Reached XP level 2. HP: 21/27 MP: 1/1
   192 | D:1      | Reached XP level 3. HP: 31/33 MP: 2/2
   829 | D:2      | Noticed Terence
   839 | D:2      | Killed Terence
   839 | D:2      | Reached XP level 4. HP: 21/40 MP: 3/3
   993 | D:2      | Found a runed door.
   997 | D:2      | Noticed Crazy Yiuf
  1003 | D:2      | Killed Crazy Yiuf
  1003 | D:2      | Reached skill level 1 in Dodging
  1470 | D:3      | Noticed Natasha
  1474 | D:3      | Killed Natasha
  1478 | D:3      | Reached XP level 5. HP: 46/46 MP: 4/4
  1594 | D:3      | Noticed Natasha
  1601 | D:3      | Killed Natasha
  1699 | D:3      | You fall through a shaft for 2 floors!
  1699 | D:5      | Entered Level 5 of the Dungeon
  1724 | D:5      | Noticed a centaur
  1733 | D:5      | Killed a centaur
  1733 | D:5      | Reached skill level 5 in Armour
  1733 | D:5      | Reached skill level 5 in Shields
  1733 | D:5      | Reached XP level 6. HP: 19/53 MP: 5/5
  1741 | D:5      | Found a staircase to the Ecumenical Temple.
  1759 | Temple   | Entered the Ecumenical Temple
  1838 | Temple   | Became a worshipper of Warmaster Okawaru
  1975 | D:5      | Reached skill level 5 in Long Blades
  2070 | D:5      | HP: 2/52 [iguana (1)]
  2160 | D:4      | Slain by an iguana

Skill      XL: |  1  2  3  4  5  6 |
---------------+-------------------+-----
Shields        | 4 5 |  5.2
Armour         | 4 5 |  5.3
Long Blades    | 3 4 5 |  5.0
Fighting       | 4 |  4.5
Dodging        | 1 |  1.4
Stealth        | |  0.1

Action                   |  1- 3 |  4- 6 || total
-------------------------+-------+-------++-------
Melee: Long sword        |    77 |    91 ||   168
       Headbutt          |    16 |    11 ||    27
  Use: Potion            |       |     1 ||     1
  Eat: Chunk             |       |     3 ||     3
Armor: Scale mail        |    48 |    41 ||    89
Dodge: Dodged            |    26 |    38 ||    64
Block: Shield            |    52 |    54 ||   106
       Rpst.: Long sword |     8 |    12 ||    20
